 Dungeon Crawl Stone Soup version 0.24.0-35-gdb84b6a5db (webtiles) character file.

Game seed: 2863168655629859712, levelgen mode: deterministic

993 Nattfarinn the Changer (level 8, -3/70 HPs)
             Began as an Ogre Transmuter on Nov 20, 2019.
             Killed from afar by an electric eel (11 damage)
             ... with a bolt of electricity
             ... on level 5 of the Dungeon.
             The game lasted 00:08:59 (5186 turns).

Nattfarinn the Changer (Ogre Transmuter)            Turns: 5186, Time: 00:08:59

Health: -3/70      AC:  2    Str: 15    XL:     8   Next: 19%
Magic:  8/11       EV: 19    Int: 15    God:
Gold:   176        SH:  0    Dex: 15    Spells: 7/11 levels left

rFire    x . .     SeeInvis .     - Unarmed
rCold    + . .     Gourm    .   (shield currently unavailable)
rNeg     . . .     Faith    .   (armour currently unavailable)
rPois    x         Spirit   .   (helmet currently unavailable)
rElec    .         Reflect  .   (cloak currently unavailable)
rCorr    .         Harm     .   (gloves unavailable)
MR       .....                  (boots unavailable)
Stlth    +.........             x - amulet of regeneration
HPRegen  0.61/turn              r - ring of ice
MPRegen  0.12/turn              (no ring)

@: spider-form
A: tiny, unfitting armour
a: End Transformation


You were on level 5 of the Dungeon.
You were not hungry.
You were a venomous arachnid creature.
You visited 1 branch of the dungeon, and saw 5 of its levels.

You collected 176 gold pieces.

Inventory:

Missiles
 a - 69 arrows
Armour
 b - a +0 robe (melded)
 z - a +0 cloak
Jewellery
 r - a ring of ice (left front leg)
 x - an amulet of regeneration (around neck)
 y - a cursed ring of attention {unknown}
Wands
 t - a wand of random effects (17)
 A - a wand of polymorph (8)
Scrolls
 c - a scroll of random uselessness
 f - 2 scrolls of enchant armour {unknown}
 g - 5 scrolls of remove curse
 i - 3 scrolls of teleportation
 j - 4 scrolls of fog
 n - 3 scrolls of magic mapping
 p - a scroll of immolation {unknown}
 s - a scroll of enchant weapon {unknown}
 u - a scroll of amnesia {unknown}
Potions
 e - a potion of lignification
 k - a potion of mutation {unknown}
 l - 2 potions of resistance {unknown}
 m - 5 potions of curing {unknown}
 o - 2 potions of haste
 q - 2 potions of might {unknown}
 v - a potion of flight {unknown}
 w - a potion of invisibility {unknown}
Comestibles
 d - 7 rations
 B - a chunk of flesh


   Skills:
 - Level 1.3 Fighting
 - Level 1.7 Dodging
 + Level 5.5 Unarmed Combat
 - Level 2.4 Spellcasting
 * Level 7.1 Transmutations


You had 7 spell levels left.
You knew the following spells:

 Your Spells              Type           Power        Failure   Level  Hunger
a - Beastly Appendage     Tmut           ###...       5%          1    #......
b - Spider Form           Tmut/Pois      ##........   32%         3    ###....

Your spell library contained the following spells:

 Spells                   Type           Power        Failure   Level  Hunger
 Sticks to Snakes         Tmut           ###.....     7%          2    ###....
 Blade Hands              Tmut           ###.......   52%         5    ######.
 Ice Form                 Ice/Tmut       ###.....     65%         4    #####..


Dungeon Overview and Level Annotations

Branches:
Dungeon (5/15)             Temple (0/1) D:4

Altars:
Ru

Annotations:
D:5 1 runed translucent door, demivan's ghost, novice GnFi


Innate Abilities, Weirdness & Mutations

You are too large for most types of armour.
((You have tough skin. (AC +1)))


Message History

Confirm with . or Enter, or press ? or * to list all spells.
You turn into a venomous arachnid creature.
Your +0 robe melds into your body.
The electric eel shoots out a bolt of lightning at you!
The bolt of electricity hits you!
* * * LOW HITPOINT WARNING * * *
The bolt of electricity hits the plant.
The electric eel shoots out a bolt of lightning at you!
The bolt of electricity hits you.
* * * LOW HITPOINT WARNING * * *
The bolt of electricity hits the plant.
Okay, then.
As you read the scroll of fear, it crumbles to dust.
You assume a fearsome visage.
The electric eel looks frightened! x3
You enter the shallow water.
Moving in this stuff is going to be slow.
Cornered, the electric eel turns to fight! x2
The electric eel shoots out a bolt of lightning at you!
The bolt of electricity hits you!
You die...

.....#.............#.#....#.##.#.
.##..####.##########........<#.#.
. ... #..###≈≈...###.......#.#.
##.# ##.##≈####..≈######..#.#.
#.#.##..'##≈≈≈..##....#.
#.#####.#.#.....#####..#..###.
#.......#.#.....# ##....#. .#
#######.#≈#PP..≈# #....... .#
#.#)#≈.s≈.#.....#.######
.#########.#≈#%≈.?.#P≈.PP#.......
...........#≈#≈≈$≈;#?PP.(#.######
...........#≈##≈;;##.$≈(≈#.##
...........##≈######≈≈.;≈#..#
............##...≈≈##≈≈;##..#
.#########...######≈#####...# .#
#.#......##≈...'...# .#
#.######..######...#


You could see 3 electric eels.

Vanquished Creatures
  Sigmund (D:3)
  Eustachio (D:5)
  An ogre (D:3)
  5 scorpions
  A howler monkey (D:4)
  An orc priest (D:4)
  Jessica (D:3)
  2 orc wizards
  2 worker ants
  A hound skeleton (D:5)
  A gnoll (D:5)
  5 adders
  An ooze (D:4)
  2 worms
  A dart slug (D:2)
  3 leopard geckos
  9 orcs
  8 bats
  9 giant cockroaches
  8 goblins
  6 hobgoblins
  15 jackals
  12 kobolds
  A quokka (D:4)
  A ball python (D:5)
  4 frilled lizards
  A quokka skeleton (D:4)
  4 rats
107 creatures vanquished.

Notes
Turn   | Place    | Note
-------+----------+-------------------------------------------
     0 | D:1      | Nattfarinn the Ogre Transmuter began the quest for the Orb.
     0 | D:1      | Reached XP level 1. HP: 19/19 MP: 3/3
    55 | D:1      | Reached skill level 2 in Transmutations
   304 | D:1      | Reached XP level 2. HP: 24/27 MP: 5/5
  1240 | D:1      | Reached XP level 3. HP: 18/33 MP: 4/6
  1631 | D:2      | Reached skill level 3 in Transmutations
  2254 | D:2      | Reached XP level 4. HP: 30/41 MP: 5/7
  2993 | D:3      | Noticed Jessica
  2998 | D:3      | Killed Jessica
  3089 | D:3      | Found a sacrificial altar of Ru.
  3098 | D:3      | Reached skill level 4 in Transmutations
  3098 | D:3      | Reached XP level 5. HP: 40/48 MP: 6/8
  3120 | D:3      | Learned a level 3 spell: Spider Form
  3388 | D:3      | Noticed Sigmund
  3397 | D:3      | Killed Sigmund
  3397 | D:3      | Reached skill level 5 in Transmutations
  3397 | D:3      | Reached XP level 6. HP: 35/55 MP: 4/9
  3947 | D:4      | Reached XP level 7. HP: 61/62 MP: 6/10
  3988 | D:4      | Found a staircase to the Ecumenical Temple.
  4421 | D:4      | Reached skill level 6 in Transmutations
  4580 | D:5      | Entered Level 5 of the Dungeon
  4665 | D:5      | Noticed Eustachio
  4676 | D:5      | Killed Eustachio
  4676 | D:5      | Reached skill level 5 in Unarmed Combat
  4771 | D:5      | Found a runed translucent door.
  4776 | D:5      | Noticed demivan's ghost (novice GnFi)
  4804 | D:5      | Reached XP level 8. HP: 28/70 MP: 7/11
  5036 | D:5      | Reached skill level 7 in Transmutations
  5186 | D:5      | Killed from afar by an electric eel

Levels and vault maps discovered:
D:1:      grunt_arrival_lava_bath, layout_basic, st_stairs_14,
          kennysheep_decorative_pillar, nrook_mini_backslash, hex_medium
D:2:      layout_loops_corners, serial_park_tiny_1
D:3:      layout_loops_ring, nicolae_ru_great_annihilating_truth, first_ration,
          uniq_jessica, uniq_sigmund
D:4:      layout_loops_ring, minmay_temple_entry_stoned_glass
D:5:      cheibrodos_two_vegetables, layout_basic,
          ebering_ghost_reflecting_pool, uniq_eustachio, uniq_crazy_yiuf_cottage

Skill      XL: |  1  2  3  4  5  6  7  8 |
---------------+-------------------------+-----
Transmutations | 2 3 4 5 6 7 |  7.1
Unarmed Combat | 3 4 5 |  5.5
Fighting       | |  1.3
Dodging        | |  1.7
Spellcasting   | |  2.4

Action                   |  1- 3 |  4- 6 |  7- 9 || total
-------------------------+-------+-------+-------++-------
Melee: Unarmed           |   162 |   155 |    88 ||   405
       Punch             |     1 |       |       ||     1
       Kick              |     6 |     1 |       ||     7
       Headbutt          |     3 |     4 |       ||     7
 Cast: Beastly Appendage |    13 |     7 |       ||    20
       Spider Form       |       |     9 |    16 ||    25
  Use: Scroll            |       |     8 |     1 ||     9
       Potion            |       |       |     1 ||     1
  Eat: Chunk             |     4 |     7 |     6 ||    17
Armor: Robe              |    47 |    49 |     1 ||    97
       Skin              |       |     1 |     6 ||     7
Dodge: Dodged            |    90 |    96 |    54 ||   240
